 Dungeon Crawl Stone Soup version 0.31-a0-486-g8d68a81214 (webtiles) character file.

Game seed: 1940060545777797906

112 Xavori the Cutter (level 4, 0/33 HPs)
             Began as an Octopode Chaos Knight on Aug 7, 2023.
             Was a Plaything of Xom.
             Slain by a gnoll
             ... wielding a +0 whip
              (8 damage)
             ... on level 2 of the Dungeon.
             The game lasted 00:02:29 (10627 turns).

Xavori the Cutter (Octopode Chaos Knight)          Turns: 10627, Time: 00:02:30

Health: 0/33       AC:  1    Str: 13    XL:     4   Next: 95%
Magic:  13/13      EV: 11    Int: 21    God:    Xom [..*...]
Gold:   159        SH: 11    Dex: 10    Spells: 3/3 levels left

rFire   + + .        f - +2 short sword (speed)
rCold   . . .        d - +0 kite shield {rF+}
rNeg    . . .        (helmet currently unavailable)
rPois   .            e - amulet of magic regeneration
rElec   .            c - ring of Fuogeij {Fly MP+9}
rCorr   .            (no ring)
SInv    .            (no ring)
Will    .....        (no ring)
Stlth   +++          (no ring)
HPRegen 0.25/turn    (no ring)
MPRegen 0.53/turn    (no ring)
                     (no ring)

%: no passive effects
@: beast-form, flying
A: beast (slay +0), almost no armour, amphibious, 8 rings, camouflage 1,
gelatinous body 1, (nimble swimmer 1), tentacles, antennae 1, large bone plates
1, clever 2, fire resistance 1, strong 1, wild magic 2, MP-powered wands
a: Begin Untransformation, Renounce Religion


You were on level 2 of the Dungeon.
You worshipped Xom.
You were a toy of Xom.
You were a hulking beast.
You visited 1 branch of the dungeon, and saw 3 of its levels.

You collected 159 gold pieces.

Inventory:

Hand Weapons
 a - a +0 short sword of chaos
 f - a +2 short sword of speed (weapon)
Armour
 d - a +0 kite shield of fire resistance (worn)
Jewellery
 c - the ring of Fuogeij (left tentacle) {Fly MP+9}
   (Xom gifted it to you on level 1 of the Dungeon)

   [ring of magical power]

   MP:        It affects your magic capacity (+9).
   Fly:       It grants you flight.
 e - an amulet of magic regeneration (around mantle)
Talismans
 k - a beast talisman (active)
Scrolls
 b - a scroll of butterflies
Potions
 g - 2 potions of curing
 h - 2 potions of heal wounds
 i - a potion of invisibility
 j - a potion of might {unknown}


   Skills:
 + Level 3.6 Fighting
 + Level 3.8 Short Blades
 + Level 2.8 Dodging
 + Level 2.8 Stealth
 * Level 1.1 Shields


You had 3 spell levels left.
You didn't know any spells.
Your spell library contained the following spells:

 Spells                   Type           Power      Damage    Failure   Level
 Fireball                 Conj/Fire      0%         3d3       100%        5
 Iskenderun's Battlesphe  Conj           0%         2d6       100%        5
 Conjure Ball Lightning   Conj/Air       0%         3x3d6     100%        6
 Orb of Destruction       Conj           0%         9d5       100%        7


Dungeon Overview and Level Annotations

Branches:
Dungeon (3/15)

Altars:
Xom


Innate Abilities, Weirdness & Mutations

You are a hulking beast.
Your limbs bulge with bestial killing power. (Slay +0)
You cannot wear most types of armour.
You are amphibious.
You can wear up to eight rings at the same time.
Your skin changes colour to match your surroundings (Stealth+).
Your rubbery body absorbs attacks. (AC +1, EV +1)
((You are camouflaged when in or above water. (Stealth+)))
You have tentacles for arms and can constrict up to eight enemies at once.
You have a pair of small antennae on your head.
You are partially covered in large bone plates. (SH +4)
Your mind is very acute. (Int +8, Str/Dex -2)
Your flesh is heat resistant. (rF+)
Your muscles are strong. (Str +4, Int/Dex -1)
Your spells are harder to cast, but more powerful.
You expend magic power (3 MP) to strengthen your wands.


Message History

You are too injured to fight recklessly!
There is a stone staircase leading up here.
You block the gnoll's attack.
You fly upwards.
There is a stone staircase leading down here.
You hit the gnoll but do no damage. Your grab misses the gnoll.
You squeeze the gnoll!
You kill the gnoll!
You feel your dexterity returning.
You see here a +0 club.
You start resting.
HP restored.
You see here a +0 club.
There is a stone staircase leading down here.
You fly downwards.
You block the gnoll's attack. The gnoll hits you with a +0 flail!
You block the gnoll's attack. The gnoll hits you with a +0 flail!
There is a stone staircase leading up, spattered with blood here.
You barely miss the gnoll. Your grab misses the gnoll.
You block the gnoll's attack. The gnoll barely misses you.
You fly upwards.
There is a stone staircase leading down here.
You block the gnoll's attack.
You see here a +0 club.
The gnoll attacks as you move away! The gnoll hits you with a +0 flail!
The gnoll attacks as you move away! You block the gnoll's attack.
The gnoll attacks as you move away! The gnoll misses you.
The gnoll attacks as you move away! The gnoll closely misses you.
The gnoll attacks as you move away! You block the gnoll's attack.
The gnoll attacks as you move away! The gnoll hits you with a +0 whip.
* * * LOW HITPOINT WARNING * * *
You closely miss the gnoll. You grab the gnoll. You squeeze the gnoll.
The gnoll is heavily wounded.
You constrict the gnoll, but do no damage.
You block the gnoll's attack.
You hit the gnoll.
The gnoll is severely wounded.
You constrict the gnoll, but do no damage.
The gnoll hits you with a +0 whip!
You die...

#.................##.#≈.....#....
#######..............+.†#########
#..#.#..########≈.....#...§ ##
#.......########≈.....#.... .#
###...####...<.#≈...#####§§ .#
#...# #.#####§......§§.. .# #...#
#.# #§§§.....§§§ .# #...# #.#
#≈§≈≈§≈.≈§§§ .# #.>.# #h#
########'#### .### #.).# #g#
#.#..#.......
...######...####g####.#..#.......
##.................##.....>......
#.................####..........
##...[.............##............
...#####.....########.##.##..(...
#### #.....# #.##.##......
#.....# #....##.#####


You could see 2 gnolls.

Vanquished Creatures
  A gnoll (D:2)
  4 adders
  A worm (D:2)
  2 dart slugs
  6 ball pythons
  8 endoplasms
  2 giant cockroaches (D:1)
  8 goblins
  6 hobgoblins (D:1)
  2 kobolds (D:1)
  6 quokkas
  4 bats
  3 frilled lizards
  5 rats
58 creatures vanquished.

Notes
Turn   | Place    | Note
-------+----------+-------------------------------------------
     0 | D:1      | Xavori the Octopode Chaos Knight began the quest for the
                  | Orb.
     0 | D:1      | Reached XP level 1. HP: 16/16 MP: 1/1
   124 | D:1      | XOM: silly message
   127 | D:1      | Reached XP level 2. HP: 19/21 MP: 2/2
   131 | D:1      | XOM: polymorph ball python -> giant cockroach
   142 | D:1      | XOM: divination: magic mapping
   444 | D:1      | Reached XP level 3. HP: 26/26 MP: 3/3
   581 | D:1      | XOM: butterfly on damage
   778 | D:1      | XOM: god gift: scroll labelled MOSEDA LERHEIT {god gift}
   833 | D:1      | XOM: give mutation
   833 | D:1      | Gained mutation: A frigid envelope surrounds you and
                  | freezes all who hurt you. [Xom's grace]
  1485 | D:1      | XOM: god gift: 13 gold pieces
  1548 | D:1      | XOM: give mutations
  1548 | D:1      | Gained mutation: You are partially covered in large bone
                  | plates. (SH +4) [Xom's grace]
  1548 | D:1      | Gained mutation: You expend magic power (3 MP) to
                  | strengthen your wands. [Xom's grace]
  1548 | D:1      | Gained mutation: Your mind is acute. (Int +4, Str/Dex -1)
                  | [Xom's grace]
  1548 | D:1      | Gained mutation: Your spells are a little harder to cast,
                  | but a little more powerful. [Xom's grace]
  1720 | D:1      | XOM: scenery: summon butterflies
  1809 | D:1      | XOM: 2-stop teleportation journey
  2451 | D:1      | XOM: god gift: boomerang
  2662 | D:1      | XOM: god gift: 3 javelins
  2846 | D:1      | XOM: give mutations
  2846 | D:1      | Gained mutation: Your spells are harder to cast, but more
                  | powerful. [Xom's grace]
  2846 | D:1      | Gained mutation: You have a pair of small antennae on your
                  | head. [Xom's grace]
  2846 | D:1      | Gained mutation: Your muscles are strong. (Str +4, Int/Dex
                  | -1) [Xom's grace]
  2846 | D:1      | Gained mutation: You are somewhat resistant to further
                  | mutation. [Xom's grace]
  3066 | D:1      | Identified the ring of Fuogeij {Fly MP+9} (Xom gifted it to
                  | you on level 1 of the Dungeon)
  3066 | D:1      | XOM: god gift: ring of Fuogeij {Fly MP+9}
  3104 | D:1      | XOM: scenery: create altars
  3864 | D:1      | XOM: give mutations
  3864 | D:1      | Gained mutation: One of your tentacles bears a spike.
                  | [Xom's grace]
  3864 | D:1      | Gained mutation: Your flesh is heat resistant. (rF+) [Xom's
                  | grace]
  3864 | D:1      | Gained mutation: Your mind is very acute. (Int +8, Str/Dex
                  | -2) [Xom's grace]
  4018 | D:1      | XOM is BORED!
  4018 | D:1      | XOM: stat loss: -3 Dex (7/10)
  4127 | D:1      | XOM: god gift: +0 kite shield of fire resistance
  4335 | D:1      | XOM is BORED!
  4335 | D:1      | XOM: give mutations
  4335 | D:1      | Lost mutation: You have a pair of small antennae on your
                  | head. [Xom's mischief]
  4335 | D:1      | Lost mutation: One of your tentacles bears a spike. [Xom's
                  | mischief]
  4335 | D:1      | Lost mutation: A frigid envelope surrounds you and freezes
                  | all who hurt you. [Xom's mischief]
  4335 | D:1      | Lost mutation: You are somewhat resistant to further
                  | mutation. [Xom's mischief]
  5046 | D:1      | XOM: divination: detect items
  5067 | D:1      | XOM: god gift: +2 short sword of speed
  5909 | D:1      | XOM: god gift: long glowing staff {god gift}
  6857 | D:1      | XOM: give mutation
  6857 | D:1      | Gained mutation: You have a pair of small antennae on your
                  | head. [Xom's grace]
  7185 | D:1      | XOM: scenery: create altars
  7349 | D:1      | XOM: divination: detect items
  8065 | D:1      | XOM is BORED!
  8065 | D:1      | XOM: torment (14/26 hp)
  8340 | D:1      | XOM: cloud trail
  9764 | D:1      | XOM: summons 2 hostile demons
  9831 | D:2      | Reached skill level 1 in Stealth
  9883 | D:2      | XOM: enchant monster (good)
  9904 | D:2      | XOM: silly message
  9956 | D:2      | Reached XP level 4. HP: 30/32 MP: 4/4
 10084 | D:2      | XOM: 3-stop teleportation journey
 10280 | D:2      | XOM: divination: magic mapping
 10537 | D:3      | Reached skill level 1 in Shields
 10627 | D:2      | Slain by a gnoll

Illustrated notes

Levels and vault maps discovered:
D:1:      beargit_arrival_greenhouse, layout_basic
D:2:      layout_loops_cross, kennysheep_generic_room_16
D:3:      layout_loops_ring, minitemple, serial_shops, shop,
          gammafunk_ghost_necromancy, shapermc_ecumenical_altar_venn,
          nrook_uturn, uniq_natasha, uniq_robin, uniq_jessica

Skill      XL: |  1  2  3  4 |
---------------+-------------+-----
Stealth        | 1 2 |  2.8
Shields        | 1 |  1.1
Fighting       | |  3.6
Short Blades   | |  3.8
Dodging        | |  2.8

Action                     |  1- 3 |  4- 6 || total
---------------------------+-------+-------++-------
  Melee: Short sword       |   101 |    30 ||   131
         Tentacles         |    20 |     5 ||    25
         Constrict         |    26 |     4 ||    30
         Punch             |     1 |     1 ||     2
    Use: Scroll            |     6 |       ||     6
         Potion            |     4 |       ||     4
   Stab: Sleeping          |     6 |     5 ||    11
         Petrified         |     3 |       ||     3
 Armour: Skin              |     8 |     1 ||     9
  Dodge: Dodged            |    40 |     9 ||    49
  Block: Kite shield       |    10 |    13 ||    23
   Form: Beast             |       |     1 ||     1

Table legend: (Time is in decaauts)
 A = Elapsed time spent in this place.
 B = Non-inter-level travel time spent in this place.
 C = Inter-level travel time spent in this place.
 D = Time resting spent in this place.
 E = Time spent auto-exploring this place.
 F = Levels seen in this place.
 G = Mean time per level.
                   A        B        C        D        E       F      G
               +--------+--------+--------+--------+--------+-----+--------+
         Total |  10602 |  10528 |     74 |   8948 |   1223 |   3 | 3534.0 |
       Dungeon |  10602 |  10528 |     74 |   8948 |   1223 |   3 | 3534.0 |
               +--------+--------+--------+--------+--------+-----+--------+

Top non-repeatable levels by time:
     D:1: 9750 daAuts
     D:2: 838 daAuts
     D:3: 13 daAuts
